 Dungeon Crawl Stone Soup version 0.27.0-1-g7a089689b8 (webtiles) character file.

Game seed: 316571389749936361

192 EnegeticOcto the Chopper (level 5, -2/47 HPs)
             Began as a Minotaur Fighter on Aug 5, 2021.
             Killed by nerve-wracking pain
             ... invoked by an orc priest
              (7 damage)
             ... on level 3 of the Dungeon.
             The game lasted 00:00:51 (2203 turns).

EnegeticOcto the Chopper (Minotaur Fighter)         Turns: 2203, Time: 00:00:52

Health: -2/47      AC:  7    Str: 22    XL:     5   Next: 42%
Magic:  4/4        EV:  7    Int:  5    God:
Gold:   18         SH:  9    Dex:  9    Spells: 4/4 levels left

rFire    . . .     SeeInvis .   a - +0 war axe
rCold    . . .     Faith    .   c - +0 kite shield
rNeg     . . .     Spirit   .   b - +0 scale mail
rPois    .         Reflect  .   (helmet restricted)
rElec    .         Harm     .   (no cloak)
rCorr    .         Rampage  .   (no gloves)
Will     .....                  (no boots)
Stlth    ..........             (no amulet)
HPRegen  0.15/turn              (no ring)
MPRegen  0.09/turn              (no ring)

@: no status effects
A: horns 2, retaliatory headbutt
a: no special abilities


You were on level 3 of the Dungeon.
You visited 1 branch of the dungeon, and saw 3 of its levels.

You collected 60 gold pieces.
You spent 42 gold pieces at shops.

Inventory:

Hand Weapons
 a - a +0 war axe (weapon)
Armour
 b - a +0 scale mail (worn)
 c - a +0 kite shield (worn)
Scrolls
 e - a scroll of identify {unknown}
 g - a scroll of acquirement {unknown}
 h - a scroll of enchant armour {unknown}
 l - a scroll of brand weapon {unknown}
Potions
 d - a potion of might {@q3}
 f - a potion of attraction {unknown}
 i - 3 potions of curing {@q1}
 j - a potion of haste {unknown}
 k - a potion of resistance {unknown}


   Skills:
 + Level 4.6 Fighting
 * Level 4.7 Axes
 + Level 4.6 Armour
 + Level 4.6 Shields


You had 4 spell levels left.
You didn't know any spells.
Your spell library was empty.

Dungeon Overview and Level Annotations

Branches:
Dungeon (3/15)

Altars:

Shops:
D:1 !


Innate Abilities, Weirdness & Mutations

You have a pair of horns on your head.
You reflexively headbutt those who attack you in melee.


Message History

You kill the adder!
You slash the wight!
Your scale mail prevents you from hitting the hobgoblin.
The hobgoblin hits you but does no damage.
You block the wight's attack. The hobgoblin completely misses you.
You furiously retaliate!
You headbutt the hobgoblin, but do no damage.
The wight barely misses you.
You slash the wight!
You destroy the wight!
You closely miss the hobgoblin. The hobgoblin hits you.
You have reached level 5!
You slash the hobgoblin!
You kill the hobgoblin!
No target in view!
No target in view!
No target in view!
No target in view!
No target in view!
No target in view!
HP restored.
Things that are here:
a +3 mace; a +0 robe
Things that are here:
a +0 club; a stone A gnoll comes into view.
It is wielding a +0 spear.
The gnoll shouts!
You hear a shout! x5
A gnoll sergeant comes into view. It is wielding a +2 vorpal spear.
There are monsters nearby!
There are monsters nearby!
There are monsters nearby!
An orc and a wight come into view.
The orc shouts!
You hear a shout!
A wight comes into view. It is wielding a +0 scimitar.
An orc comes into view. It is wielding a +0 mace.
A gnoll and an orc priest come into view.
The gnoll shouts!
The orc priest shouts!
The gnoll sergeant hits you from afar with a +2 vorpal spear.
A gnoll comes into view. It is wielding a +0 club.
A frilled lizard comes into view.
You completely miss the gnoll.
The gnoll shouts!
The frilled lizard hisses angrily.
You headbutt the gnoll.
The gnoll is moderately wounded.
The gnoll hits you but does no damage. You block the gnoll sergeant's attack.
You block the gnoll's attack.
The gnoll sergeant hits you from afar with a +2 vorpal spear!
You slash the gnoll!
You kill the gnoll!
You hit the orc but do no damage.
A gnoll comes into view. It is wielding a +0 flail.
An endoplasm comes into view.
The orc barely misses you.
The gnoll sergeant hits you from afar with a +2 vorpal spear.
A gnoll comes into view. It is wielding a +0 halberd.
The orc closely misses you.
You slash the wight! Your headbutt misses the wight.
The wight is heavily damaged.
You hit the orc. The wight closely misses you.
You block the gnoll sergeant's attack. The orc barely misses you.
You furiously retaliate!
You headbutt the orc.
You kill the orc!
The wight hits you with a +2 falchion. The gnoll sergeant closely misses you.
You slash the wight!
You destroy the wight!
You hit the orc. You block the orc's attack.
The gnoll hits you but does no damage.
The gnoll sergeant hits you from afar with a +2 vorpal spear!
* * * LOW HITPOINT WARNING * * *
x2 The wight hits you with a +0 scimitar.
* * * LOW HITPOINT WARNING * * *
You feel drained. The orc hits you but does no damage.
The gnoll hits you from afar with a +0 spear.
* * * LOW HITPOINT WARNING * * *
Your life force feels restored.
You are too injured to fight recklessly!
You are too injured to fight recklessly!
You are too injured to fight recklessly!
You are too injured to fight recklessly!
You are too injured to fight recklessly!
You are too injured to fight recklessly!
You are too injured to fight recklessly!
You are too injured to fight recklessly!
You are too injured to fight recklessly!
You are too injured to fight recklessly!
You are too injured to fight recklessly!
You are too injured to fight recklessly!
You are too injured to fight recklessly!
You are too injured to fight recklessly!
Unknown command.
The orc hits you with a +0 mace.
* * * LOW HITPOINT WARNING * * *
The gnoll closely misses you.
The orc priest casts a cantrip, but nothing happens.
Things that are here:
a +0 club; a stone
There is a stone staircase leading up here.
The orc priest mumbles some strange prayers to Beogh against you.
Pain shoots through your body!
You die...

#...## ####....#####
............
#$<.........
##.......#...
##o..........
###.z..g...#.
#..###..l##J.g).#
#.....)@##..g).#
####.......o$......
>...)#..#..#...#....
..:..................
.............###......
............... .#....
.........#.##.. .....
.........#.. $..


You could see a wight, an orc priest, an orc and a frilled lizard.

Vanquished Creatures
  2 wights (D:3)
  A gnoll (D:3)
  3 adders
  4 dart slugs
  A worm (D:2)
  An orc (D:3)
  8 endoplasms
  3 giant cockroaches
  4 hobgoblins
  11 jackals
  2 kobolds
  8 ball pythons
  A bat (D:2)
  5 frilled lizards
  4 goblins
  3 rats
61 creatures vanquished.

Notes
Turn   | Place    | Note
-------+----------+-------------------------------------------
     0 | D:1      | EnegeticOcto the Minotaur Fighter began the quest for the
                  | Orb.
     0 | D:1      | Reached XP level 1. HP: 19/19 MP: 0/0
   189 | D:1      | Reached XP level 2. HP: 26/27 MP: 1/1
   231 | D:1      | Found a faded altar of an unknown god.
   261 | D:1      | Found Keuzar's Distillery.
   275 | D:1      | Bought a potion of curing for 42 gold pieces
   685 | D:1      | Reached XP level 3. HP: 31/33 MP: 2/2
  1325 | D:2      | Reached XP level 4. HP: 40/40 MP: 3/3
  2182 | D:3      | Reached XP level 5. HP: 46/47 MP: 4/4
  2203 | D:3      | Killed from afar by an orc priest

Illustrated notes

Levels and vault maps discovered:
D:1:      scummos_arrival_simple_crosswalls, layout_basic, serial_shops, shop,
          dreamdust_ecumenical_altar_hidden_monk_grotto
D:2:      layout_loops_corners
D:3:      layout_rooms

Skill      XL: |  1  2  3  4 |
---------------+-------------+-----
Axes           | 3 4 |  4.7
Fighting       | 4 |  4.6
Armour         | 4 |  4.6
Shields        | 4 |  4.6

Action                   |  1- 3 |  4- 6 || total
-------------------------+-------+-------++-------
Melee: War axe           |    67 |    44 ||   111
       Headbutt          |     7 |     5 ||    12
Armor: Scale mail        |    25 |    18 ||    43
Dodge: Dodged            |    17 |    20 ||    37
Block: Kite shield       |    36 |    26 ||    62
